 Dungeon Crawl Stone Soup version 0.25.1-2-g60ff931df9 (webtiles) character file.

Game seed: 7911623769728374084

12608 DearestLeader the Protected (level 11, 0/79 HPs)
             Began as a Demonspawn Gladiator on Oct 7, 2020.
             Was a High Priest of Okawaru.
             Slain by a yak (8 damage)
             ... on level 2 of the Lair of Beasts.
             The game lasted 00:27:59 (15002 turns).

DearestLeader the Protected (Demonspawn Gladiator) Turns: 15002, Time: 00:27:59

Health: 0/79       AC: 19    Str: 17    XL:     11   Next: 64%
Magic:  0/17       EV: 10    Int: 12    God:    Okawaru [*****.]
Gold:   252        SH:  0    Dex: 15    Spells: 10/10 levels left

rFire    . . .     SeeInvis .   S - +4 quarterstaff of Qazlal's Vengeance {freeze, Int+2 Stlth+}
rCold    + + .     Gourm    .   (shield currently unavailable)
rNeg     . . .     Faith    .   L - +0 plate armour
rPois    .         Spirit   +   (helmet restricted)
rElec    .         Reflect  .   v - +0 cloak
rCorr    .         Harm     .   s - +0 pair of gloves
MR       .....                  (no boots)
Stlth    +.........             x - amulet of guardian spirit
HPRegen  0.23/turn              H - ring of protection from cold
MPRegen  0.15/turn              (no ring)

@: finesse
A: antennae 1, molten scales 1, cold resistance 1, nightstalker 3, freezing
cloud immunity
a: Heroism, Finesse, Renounce Religion


You were on level 2 of the Lair of Beasts.
You worshipped Okawaru.
Okawaru was extremely pleased with you.
You were hungry.

You visited 3 branches of the dungeon, and saw 13 of its levels.

You collected 424 gold pieces.
You spent 172 gold pieces at shops.

Inventory:

Hand Weapons
 n - a +0 dire flail
 P - the +1 whip of Kouh {drain, rPois Str+6 Dex+3}
   (You found it on level 9 of the Dungeon)

   A truly terrible weapon, it drains the life of those it strikes.
   It affects your strength (+6).
   It affects your dexterity (+3).
   It protects you from poison.
 S - the +4 quarterstaff of Qazlal's Vengeance (weapon) {freeze, Int+2 Stlth+}
   (You found it on level 1 of the Lair of Beasts)

   It has been specially enchanted to freeze those struck by it, causing extra
   injury to most foes and up to half again as much damage against particularly
   susceptible opponents.
   It can also slow down cold-blooded creatures.
   It affects your intelligence (+2).
   It makes you more stealthy.
Missiles
 d - 4 throwing nets
 k - 6 poisoned darts (quivered)
Armour
 q - a +0 chain mail
 s - a +0 pair of gloves (worn)
 v - a +0 cloak (worn)
 y - a +0 buckler
 L - a +0 plate armour (worn)
 Q - a scarf of harm
 R - the +3 robe of Clouds {+Thunder rCloud rElec}
   (Okawaru gifted it to you on level 1 of the Lair of Beasts)

   It insulates you from electricity.
Jewellery
 a - an uncursed ring of ice
 x - an amulet of guardian spirit (around neck)
 G - an uncursed amulet of regeneration {unknown}
 H - a ring of protection from cold (left hand)
 I - a cursed ring of attention {unknown}
 O - an uncursed ring of magical power {unknown}
Wands
 b - a wand of digging (3)
 J - a wand of paralysis (4)
Scrolls
 e - 7 scrolls of remove curse
 g - 2 scrolls of immolation
 i - 5 scrolls of enchant weapon
 j - 3 scrolls of amnesia
 l - 2 scrolls of fog {unknown}
 m - 2 scrolls of magic mapping
 o - 3 scrolls of enchant armour
 p - 3 scrolls of teleportation
 C - a scroll of blinking {unknown}
 D - 6 scrolls of identify
 F - 2 scrolls of noise {unknown}
Potions
 c - 2 potions of lignification
 r - 2 potions of resistance {unknown}
 t - a potion of invisibility
 w - 3 potions of cancellation {unknown}
 z - a potion of ambrosia {unknown}
 A - 3 potions of flight
 E - a potion of brilliance
 M - a potion of stabbing {unknown}
 N - a potion of degeneration {unknown}
Comestibles
 f - 8 rations


   Skills:
 - Level 5.0 Fighting
 * Level 5.6 Maces & Flails
   Level 3.0 Polearms
 - Level 1.7 Throwing
 + Level 10.7 Armour
 + Level 8.8 Dodging
 * Level 3.9 Shields
 - Level 9.0 Invocations


You had 10 spell levels left.
You didn't know any spells.
Your spell library contained the following spells:

 Spells                   Type           Power        Failure   Level  Hunger
 Magic Dart               Conj           #...         100%        1    ##.....
 Blink                    Tloc           N/A          100%        2    ###....
 Call Imp                 Summ           #.......     100%        2    ###....
 Slow                     Hex            #.......     100%        2    ###....
 Conjure Flame            Conj/Fire      #.......     100%        3    ####...
 Mephitic Cloud           Conj/Pois/Air  #.......     100%        3    ####...
 Cause Fear               Hex            #.........   100%        4    #####..
 Silence                  Hex/Air        #.........   100%        5    ######.
 Yara's Violent Unravell  Hex/Tmut       #.........   100%        5    ######.
 Discord                  Hex            #.........   100%        8    #######


Dungeon Overview and Level Annotations

Branches:
Dungeon (9/15)             Temple (1/1) D:4            Lair (3/6) D:9
    Orc (0/2) D:9
  Swamp: Lair:2-4    Shoals: Lair:2-4     Snake: Lair:2-4    Spider: Lair:2-4

Altars:
Dithmenos
Fedhas
Gozag
Makhleb
Nemelex Xobeh
Okawaru
Qazlal
Sif Muna
Uskayaw
Yredelemnul
The Shining One

Shops:
D:4 !*![   D:5 ?   D:8 %*

Annotations:
D:8 1 transporter


Innate Abilities, Weirdness & Mutations

You have a pair of small antennae on your head.
You are partially covered in molten scales. (AC +2)
Your flesh is cold resistant. (rC+)
You are completely attuned to the shadows.
You are immune to freezing clouds.


Message History

The komodo dragon bites you but does no damage.
Your plate armour prevents you from hitting the komodo dragon.
The komodo dragon is severely wounded.
The yak closely misses you. The yak gores you but does no damage.
The yak barely misses you.
You thump the komodo dragon!
The komodo dragon seems to slow down.
You freeze the komodo dragon.
You kill the komodo dragon!
Okawaru accepts your kill. The yak gores you.
* * * LOW HITPOINT WARNING * * *
The yak bellows!
You hit the yak but do no damage.
The yak gores you but does no damage. x2
The yak bellows!
You hit the yak but do no damage. The yak closely misses you.
The yak gores you but does no damage. The yak gores you.
* * * LOW HITPOINT WARNING * * *
The yak gores you!
You die...

#P.............##......##......
##..#..........##.....###......
##..#..........##########.....P
#...........#..####### #..>...#
##...............##..####......
#P...P.#.#P...................#
##.............................
##.............Y..............รท
#.............@Y.Y.............
##.............Y..Y............
#P.Y..l.........######.#.......
##..P#+.#.##....## ##.#.......
#..##.#.##.....P####.#........
#..##....##....P##.......<....
##..##....##....###..###.......
#...##....#.....##...# #.......
##..##....##....###..###.......


You could see 5 yaks.

Vanquished Creatures
  2 hydras (Lair:2)
  3 two-headed ogres
  Erica (Lair:1)
  Pikel (D:5)
  Joseph (D:8)
  A spiny frog (Lair:1)
  2 komodo dragons
  A troll (D:9)
  2 hippogriffs (Lair:1)
  2 wyverns
  11 yaks
  A basilisk (Lair:1)
  2 hungry ghosts
  A steam dragon (D:7)
  A water moccasin (Lair:2)
  A naga (D:9)
  5 porcupines
  A sky beast (D:9)
  3 orc warriors
  2 ice beasts
  A necrophage (D:8)
  2 centaurs
  4 ogres
  A wolf (Lair:2)
  2 crocodiles (Lair:2)
  5 bullfrogs
  2 scorpions
  A water moccasin skeleton (D:7)
  An electric eel (Lair:1)
  3 howler monkeys (D:7)
  A quasit (D:7)
  4 crimson imps
  Crazy Yiuf (D:3)
  6 hounds
  9 orc wizards
  5 orc priests
  2 bullfrog skeletons
  A centaur skeleton (D:9)
  2 iguanas (D:8)
  Ijyb (D:3)
  4 worker ants
  A killer bee zombie (D:8)
  A hound skeleton (D:9)
  A howler monkey skeleton (D:4)
  11 adders
  7 gnolls
  A shadow imp (D:9)
  2 oozes
  An adder skeleton (D:9)
  2 adder zombies
  4 worms
  2 dart slugs
  7 leopard geckos
  36 orcs
  3 giant cockroaches
  9 hobgoblins
  16 jackals
  2 quokkas
  8 bats
  4 frilled lizards (D:1)
  6 goblins
  9 kobolds
  7 rats
242 creatures vanquished.

Vanquished Creatures (others)
  An ogre (D:5)
  A bush (D:8)
  A fungus (Lair:2)
  5 plants (D:8)
8 creatures vanquished.

Grand Total: 250 creatures vanquished

Notes
Turn   | Place    | Note
-------+----------+-------------------------------------------
     0 | D:1      | DearestLeader the Demonspawn Gladiator began the quest for
                  | the Orb.
     0 | D:1      | Reached XP level 1. HP: 16/16 MP: 1/1
   135 | D:1      | Gained mutation: You are slightly more attuned to the
                  | shadows. [demonic ancestry]
   135 | D:1      | Reached XP level 2. HP: 15/22 MP: 2/2
   677 | D:1      | Gained mutation: You have a pair of small antennae on your
                  | head. [demonic ancestry]
   677 | D:1      | Reached XP level 3. HP: 28/28 MP: 3/3
  1115 | D:2      | Reached skill level 1 in Armour
  1121 | D:2      | Gained mutation: You are significantly more attuned to the
                  | shadows. [demonic ancestry]
  1121 | D:2      | Reached XP level 4. HP: 34/34 MP: 4/4
  1200 | D:2      | Found an opulent altar of Gozag.
  2044 | D:2      | Found a glowing golden altar of the Shining One.
  2282 | D:3      | Gained mutation: You are partially covered in molten
                  | scales. (AC +2) [demonic ancestry]
  2282 | D:3      | Reached XP level 5. HP: 25/41 MP: 5/5
  2590 | D:3      | Noticed Ijyb
  2659 | D:3      | Killed Ijyb
  2659 | D:3      | Reached skill level 2 in Armour
  3113 | D:3      | Found a runed translucent door.
  3115 | D:3      | Noticed Crazy Yiuf
  3127 | D:3      | Killed Crazy Yiuf
  3685 | D:4      | Found a sparkling altar of Nemelex Xobeh.
  3783 | D:4      | Reached XP level 6. HP: 33/48 MP: 6/6
  3971 | D:4      | Reached skill level 3 in Armour
  4504 | D:4      | Found Dykhoupp's Assorted Antiques.
  4506 | D:4      | Found Vaoseen's Distillery.
  4506 | D:4      | Found Inootat's Antique Armour Shoppe.
  4508 | D:4      | Found Vynlitaj's Distillery.
  4522 | D:4      | Bought a potion of heal wounds for 65 gold pieces
  4522 | D:4      | Bought a potion of heal wounds for 65 gold pieces
  4580 | D:4      | Found a staircase to the Ecumenical Temple.
  4665 | Temple   | Entered the Ecumenical Temple
  4675 | Temple   | Became a worshipper of Warmaster Okawaru
  4905 | D:5      | Entered Level 5 of the Dungeon
  4917 | D:5      | Reached skill level 1 in Invocations
  4917 | D:5      | Gained mutation: Your flesh is cold resistant. (rC+)
                  | [demonic ancestry]
  4917 | D:5      | Reached XP level 7. HP: 52/55 MP: 7/7
  5011 | D:5      | Noticed Pikel
  5072 | D:5      | Killed Pikel
  5072 | D:5      | Reached * piety under Okawaru
  5072 | D:5      | Reached skill level 5 in Fighting
  5072 | D:5      | Reached skill level 5 in Armour
  5072 | D:5      | Reached skill level 5 in Dodging
  5072 | D:5      | Reached XP level 8. HP: 49/62 MP: 7/10
  5574 | D:5      | Found Fuonnom's Magic Scroll Boutique.
  5577 | D:5      | Bought a scroll of teleportation for 42 gold pieces
  6501 | D:6      | Found a basalt altar of Yredelemnul.
  6501 | D:6      | Found a shadowy altar of Dithmenos.
  6591 | D:7      | HP: 3/62 [ogre/+0 giant club (12)]
  6604 | D:7      | HP: 3/62 [poisoned by an orc wizard]
  6858 | D:7      | Reached skill level 6 in Armour
  7043 | D:7      | Reached skill level 5 in Invocations
  7075 | D:7      | Reached ** piety under Okawaru
  7411 | D:7      | Gained mutation: You are completely attuned to the shadows.
                  | [demonic ancestry]
  7411 | D:7      | Reached XP level 9. HP: 53/68 MP: 10/13
  7481 | D:7      | Noticed a two-headed ogre
  7501 | D:7      | Found a hide-covered altar of Uskayaw.
  7799 | D:8      | Noticed Joseph
  7840 | D:8      | Killed Joseph
  7840 | D:8      | Reached skill level 7 in Armour
  8139 | D:8      | Noticed a two-headed ogre
  8422 | D:8      | Found a burning altar of Makhleb.
  8424 | D:8      | Noticed a balrug
  8464 | D:8      | Found a blossoming altar of Fedhas.
  8603 | D:8      | Reached *** piety under Okawaru
  8647 | D:8      | Reached skill level 8 in Armour
  9009 | D:8      | Found a sparkling altar of Nemelex Xobeh.
  9039 | D:8      | Found Castrim's General Store.
  9120 | D:9      | Got an ivory whip
  9120 | D:9      | Identified the cursed +1 whip of Kouh {drain, rPois Str+6
                  | Dex+3} (You found it on level 9 of the Dungeon)
  9209 | D:9      | Noticed a two-headed ogre
  9232 | D:9      | Killed a two-headed ogre
  9349 | D:9      | Gained mutation: You are immune to freezing clouds.
                  | [demonic ancestry]
  9349 | D:9      | Reached XP level 10. HP: 73/73 MP: 15/15
  9666 | D:9      | Reached skill level 9 in Armour
  9718 | D:9      | Reached **** piety under Okawaru
 10024 | D:9      | Found a staircase to the Orcish Mines.
 10297 | D:9      | HP: 1/74 [troll (5)]
 10298 | D:9      | Reached skill level 1 in Maces & Flails
 10768 | D:9      | Found a staircase to the Lair.
 11480 | D:8      | Killed a two-headed ogre
 11480 | D:8      | Reached ***** piety under Okawaru
 11480 | D:8      | Reached skill level 10 in Armour
 11550 | D:8      | Found Loigriw's Food Emporium.
 11742 | D:8      | Found a shimmering blue altar of Sif Muna.
 11822 | D:8      | Found a transporter.
 11823 | D:8      | Noticed a white ugly thing
 11834 | D:8      | Found a stormy altar of Qazlal.
 12152 | D:7      | Killed a two-headed ogre
 12152 | D:7      | Reached XP level 11. HP: 56/79 MP: 13/17
 12207 | Lair:1   | Entered Level 1 of the Lair of Beasts
 12549 | Lair:1   | Noticed Erica
 12559 | Lair:1   | Killed Erica
 12559 | Lair:1   | Reached skill level 1 in Shields
 12606 | Lair:1   | Received a gift from Okawaru
 12607 | Lair:1   | Found the +3 robe of Clouds {+Thunder rCloud rElec}
 13135 | Lair:1   | Got a sapphire quarterstaff
 13135 | Lair:1   | Identified the +4 quarterstaff of Qazlal's Vengeance
                  | {freeze, Int+2 Stlth+} (You found it on level 1 of the Lair
                  | of Beasts)
 13733 | Lair:2   | Noticed a six-headed hydra
 13749 | Lair:2   | Noticed a six-headed hydra
 13763 | Lair:2   | Killed a six-headed hydra
 13772 | Lair:2   | Killed a six-headed hydra
 13772 | Lair:2   | Reached skill level 5 in Maces & Flails
 13793 | Lair:2   | HP: 3/79 [poisoned by a water moccasin]
 15002 | Lair:2   | Slain by a yak

Illustrated notes

Levels and vault maps discovered:
D:1:      minmay_arrival_hallway, layout_rooms
D:2:      layout_rooms, lemuel_round_altar, tso_oasis_becter
D:3:      layout_basic, hex_intersection, grunt_decor_one_mirror,
          uniq_crazy_yiuf_cottage, uniq_ijyb
D:4:      layout_loops_corners, minmay_temple_entry_proselytizer,
          minmay_shop_grid_forest, glass_columns_c, minivault_24,
          nemelex_dance_club_becter
D:5:      layout_loops_ring, serial_shops, kennysheep_mini, first_ration,
          uniq_pikel
D:6:      layout_basic, gammafunk_temple_overflow_wave
D:7:      layout_loops_ring, eat_drink_and_be_merry_uskayaw
D:8:      gammafunk_corrupted_shrine, layout_basic, makhleb_altar_promises_db,
          tgw_sif, fedhas_altar_decomposition, kennysheep_mini_moat,
          serial_shops, nicolae_shop_statue_plus, shop, basic_altar, uniq_joseph
D:9:      layout_small_grid, lair_entry_dummy, erik_orc_4, grunt_ministairs_15
Temple:   dshaligram_water_room_temple
Lair:1:   layout_cave_pods, chequers_serial_rivers_micro_d,
          nicolae_quartered_pool_little, grunt_megastairs_1, uniq_erica
Lair:2:   layout_regular_city, chequers_serial_rivers_micro_e
Lair:3:   gammafunk_lair_enchanted_lake, layout_cellular_growth,
          minmay_shoals_entry_lonely_mermaid, beast_lair_carwin_11,
          infiniplex_staircase_pool

Skill      XL: |  1  2  3  4  5  6  7  8  9 10 11 |
---------------+----------------------------------+-----
Polearms       | 3 |  3.0
Dodging        | 3 4 5 6 7 8 |  8.8
Armour         | 1 2 3 5 6 8 10 | 10.7
Fighting       | 3 4 5 |  5.0
Invocations    | 1 3 5 7 9 |  9.0
Maces & Flails | 3 5 |  5.6
Shields        | 3 |  3.9
Throwing       | |  1.7

Action                   |  1- 3 |  4- 6 |  7- 9 | 10-12 || total
-------------------------+-------+-------+-------+-------++-------
Melee: Trident           |   134 |   188 |       |       ||   322
       Quarterstaff      |       |    43 |   333 |   108 ||   484
       Whip              |       |       |   102 |   526 ||   628
       Punch             |       |       |     1 |       ||     1
Throw: Dart              |       |       |       |     8 ||     8
Invok: Heroism           |       |       |     1 |     1 ||     2
       Finesse           |       |       |       |     2 ||     2
Evoke: Wand              |       |       |       |     7 ||     7
  Use: Potion            |     2 |       |     6 |     6 ||    14
       Scroll            |       |     7 |     6 |     1 ||    14
 Stab: Sleeping          |     4 |     5 |       |     1 ||    10
       Distracted        |       |     1 |       |       ||     1
       Confused          |       |       |     1 |       ||     1
       Invisible         |       |       |     1 |       ||     1
       Petrifying        |       |       |     1 |       ||     1
  Eat: Chunk             |     1 |     9 |    13 |    15 ||    38
       Ration            |       |     1 |     8 |     1 ||    10
Armor: Leather armour    |    20 |       |       |       ||    20
       Ring mail         |    14 |    37 |       |       ||    51
       Chain mail        |       |    35 |   245 |       ||   280
       Plate armour      |       |       |    52 |   371 ||   423
Dodge: Dodged            |    83 |   110 |   215 |   378 ||   786
